 Dungeon Crawl Stone Soup version 0.28-a0-29-g0adfcbbeba (webtiles) character file.

Game seed: 159156354623921321

44214 HAL9000 the Martial Artist (level 13, -1/114 HPs)
             Began as a Grey Draconian Transmuter on July 27, 2021.
             Was a High Priest of Elyvilon.
             Slain by a komodo dragon (72 damage)
             ... on level 6 of the Lair of Beasts.
             The game lasted 00:39:45 (27185 turns).

HAL9000 the Martial Artist (DrTm)                  Turns: 27185, Time: 00:39:45

Health: -1/114     AC: 16    Str: 13    XL:     13   Next: 95%
Magic:  21/21      EV: 16    Int: 16    God:    Elyvilon [*****.]
Gold:   1051       SH:  0    Dex: 14    Spells: 6/16 levels left

rFire   . . .      SeeInvis .     - Unarmed
rCold   . . .      Faith    .   (no shield)
rNeg    . . .      Spirit   .   (armour unavailable)
rPois   +          Reflect  .   (helmet currently unavailable)
rElec   .          Harm     .   J - +2 cloak {Stlth+}
rCorr   .          Rampage  .   (no gloves)
Will    .....                   (boots currently unavailable)
Stlth   ++........              H - amulet of magic regeneration
HPRegen 0.29/turn               n - +4 ring of slaying
MPRegen 0.42/turn               Q - ring of poison resistance

@: appendages, sleeping, wereblooded (expiring)
A: horns 2, talons 2, AC +13, amphibious, unfitting armour, cold-blooded
a: End Transformation, Renounce Religion, Lesser Healing, Heal Other,
Purification, Greater Healing, Divine Vigour, Divine Protection


You were on level 6 of the Lair of Beasts.
You worshipped Elyvilon.
Elyvilon was extremely pleased with you.
You had temporarily grown beastly horns and talons.
You visited 3 branches of the dungeon, and saw 18 of its levels.

You collected 1051 gold pieces.

Inventory:

Hand Weapons
 Z - the +2 broad axe of Untruth {vorpal, rPois rC- rCorr}
   (You found it on level 3 of the Lair of Beasts)

   It inflicts extra damage upon your enemies.
   rC:        It makes you vulnerable to cold.
   rPois:     It protects you from poison.
   rCorr:     It protects you from acid and corrosion.
Missiles
 f - 91 poisoned darts (quivered)
 q - 9 javelins
 x - 20 boomerangs of dispersal
 I - 5 curare-tipped darts
 M - 3 silver boomerangs
Armour
 v - a +0 pair of boots (melded)
 J - a +2 cloak of stealth (worn)
Magical Staves
 j - a staff of earth
 s - a staff of poison
 Y - a staff of air
Jewellery
 i - a ring of resist corrosion
 n - a +4 ring of slaying (left hand)
 o - a ring of magical power
 p - a ring of see invisible
 H - an amulet of magic regeneration (around neck)
 Q - a ring of poison resistance (right hand)
 V - a +6 ring of strength
 X - a ring of ice
Wands
 t - a wand of iceblast (60)
 u - a wand of acid (18)
 y - a wand of digging (13)
 O - a wand of polymorph (6)
 T - a wand of flame (19)
 U - a wand of paralysis (2)
Scrolls
 d - a scroll of vulnerability {unknown}
 e - 2 scrolls of immolation
 g - 6 scrolls of magic mapping
 h - 2 scrolls of enchant weapon
 k - 3 scrolls of enchant armour
 w - a scroll of amnesia
 C - a scroll of fear {unknown}
 D - 2 scrolls of fog
 E - 3 scrolls of teleportation
 F - a scroll of silence {unknown}
 K - a scroll of acquirement {unknown}
 N - a scroll of brand weapon
 R - a scroll of identify
Potions
 a - 2 potions of heal wounds
 b - a potion of attraction
 c - 9 potions of curing
 l - a potion of lignification
 m - 3 potions of brilliance
 r - 3 potions of cancellation
 z - a potion of haste
 A - a potion of ambrosia
 B - 3 potions of berserk rage
 G - 2 potions of invisibility
 L - 3 potions of resistance
 S - a potion of flight
 W - a potion of might
Miscellaneous
 P - a lightning rod (4/4)


   Skills:
 + Level 10.3 Fighting
 + Level 9.0 Dodging
 - Level 14.5 Unarmed Combat
 - Level 2.0 Spellcasting
 - Level 10.1 Transmutations
 - Level 11.7 Invocations


You had 6 spell levels left.
You knew the following spells:

 Your Spells              Type           Power      Damage    Failure   Level
a - Beastly Appendage     Tmut           66%        N/A       1%          1
b - Wereblood             Tmut           33%        N/A       1%          2
c - Spider Form           Tmut/Pois      8%         N/A       8%          3
d - Ice Form              Ice/Tmut       17%        N/A       26%         4

Your spell library contained the following spells:

 Spells                   Type           Power      Damage    Failure   Level
 Blade Hands              Tmut           16%        N/A       9%          5
 Animate Skeleton         Necr           2%         N/A       21%         1
 Apportation              Tloc           2%         N/A       21%         1
 Corona                   Hex            1%         N/A       21%         1
 Summon Small Mammal      Summ           4%         N/A       21%         1
 Blink                    Tloc           N/A        N/A       30%         2
 Lesser Beckoning         Tloc           0%         N/A       52%         3
 Summon Guardian Golem    Hex/Summ       1%         N/A       52%         3
 Irradiate                Conj/Tmut      8%         3d16      58%         5
 Airstrike                Air            0%         N/A       90%         4
 Iskenderun's Mystic Bla  Conj/Tloc      1%         2d3       90%         4
 Summon Lightning Spire   Summ/Air       1%         N/A       90%         4
 Lightning Bolt           Conj/Air       0%         1d11      99%         5
 Manifold Assault         Tloc           1%         N/A       99%         5
 Summon Forest            Summ/Tloc      0%         N/A       99%         5
 Eringya's Noxious Bog    Tmut/Pois      8%         N/A       99%         6
 Dragon Form              Tmut           16%        N/A       95%         7
 Orb of Destruction       Conj           0%         N/A       100%        7
 Spellforged Servitor     Conj/Summ      0%         N/A       100%        7
 Summon Hydra             Summ           0%         N/A       100%        7


Dungeon Overview and Level Annotations

Branches:
Dungeon (11/15)            Temple (1/1) D:5            Lair (6/6) D:9
  Swamp (0/4) Lair:4        Snake (0/4) Lair:3        Slime (0/5) Lair:6
    Orc: D:9-12

Altars:
Ashenzari
Cheibriados
Dithmenos
Elyvilon
Fedhas
Gozag
Hepliaklqana
Kikubaaqudgha
Makhleb
Nemelex Xobeh
Okawaru
Qazlal
Ru
Sif Muna
Trog
Uskayaw
Vehumet
Wu Jian
Xom
Yredelemnul
Zin
The Shining One
Jiyva

Annotations:
Lair:2 exclusion: oklob plant
Lair:3 exclusion: oklob plant


Innate Abilities, Weirdness & Mutations

You have temporarily grown beastly horns and talons.
Your dull iron-grey scales are very hard. (AC +13)
You are amphibious.
You cannot fit into any form of body armour.
You are cold-blooded and may be slowed by cold attacks.


Message History

O - a wand of polymorph (6)
You see here a komodo dragon corpse.
A dream sheep comes into view.
You howl as the wereblood boils in your veins!
The dream sheep bleats!
You hear an angry hiss.
You hear a bleat!
The dream sheep ruffles its wool and motes of dream dust sparkle, to no effect.
You hear a bleat!
A dream sheep comes into view.
You see here a scroll of identify.
R - a scroll of identify A komodo dragon comes into view.
The dream sheep "Baaaas" sleepily.
The dream sheep ruffle their wool and motes of dream dust sparkle, to no effect.
The dream sheep shake their wool and sparkle.
You feel drowsy...
You fall asleep.
You howl as the wereblood boils in your veins!
The dream sheep bites you!!
You wake up.
Casting: Beastly Appendage (safe; 1% risk of failure)
Confirm with . or Enter, or press ? or * to list all spells.
You extend your transformation's duration.
The dream sheep bites you.
You pummel the dream sheep!!
You feel a bit better.
You kill the dream sheep!
You hear a bleat!
A dream sheep comes into view. x2
Your Dodging skill increases to level 9!
Unknown command.
The dream sheep ruffle their wool and motes of dream dust sparkle, to no effect.
A dream sheep comes into view.
The dream sheep shake their wool and sparkle.
You feel drowsy...
You fall asleep.
You howl as the wereblood boils in your veins!
Your primal bloodlust is almost over.
The dream sheep bleats!
A dream sheep comes into view.
The komodo dragon closely misses you. The dream sheep closely misses you.
The komodo dragon barely misses you. The dream sheep misses you.
The dream sheep closely misses you. The komodo dragon bites you!!!!
Ouch! That really hurt!
You die...

#.#....P............
#........†..........
###...................
#P....................
#.........YY.Y........
##.....P........P....
#......P...Y.....P...
#....Yl#.............
#....@###............
#....##..............
##...##.♣######♣.....
##..### #♣... #P.##
##..# ##..## #....#
#....#


You could see a komodo dragon and 4 dream sheep.

Vanquished Creatures
  A boulder beetle (Lair:6)
  A centaur warrior (D:9)
  A two-headed ogre (D:8)
  5 hydras
  A death yak (Lair:3)
  A fire crab (Lair:4)
  3 deep elf pyromancers (D:9)
  An ugly thing (D:8)
  A cyclops (D:9)
  8 elephants
  5 black mambas
  2 torpor snails (Lair:3)
  15 cane toads
  Maggie (D:6)
  Psyche (D:11)
  2 rime drakes (Lair:3)
  14 komodo dragons
  3 polar bears (Lair:3)
  Grinder (D:6)
  18 blink frogs
  A dream sheep (Lair:6)
  A hornet (D:9)
  A vampire (D:9)
  Sigmund (D:2)
  3 wyverns
  37 yaks
  A wraith (D:8)
  7 basilisks
  2 steam dragons
  3 nagas (Lair:3)
  Edmund (D:4)
  An acid dragon (D:9)
  23 water moccasins
  An ice beast (D:6)
  2 orc warriors
  A necrophage (D:5)
  A sky beast (D:5)
  6 wolves (Lair:3)
  2 ogres
  A phantom (D:5)
  3 centaurs
  6 kobold brigands
  12 bullfrogs
  A wyvern skeleton (D:7)
  A water moccasin skeleton (D:7)
  12 killer bees
  8 wights
  4 howler monkeys
  A crimson imp (D:4)
  A centaur zombie (D:7)
  A hound (D:6)
  2 jellies
  2 centaur skeletons
  A bullfrog skeleton (D:4)
  An iron imp (D:6)
  4 orc priests
  Jessica (D:2)
  4 iguanas
  3 orc wizards (D:8)
  2 killer bee zombies
  A hound skeleton (D:5)
  A howler monkey skeleton (D:7)
  A howler monkey zombie (D:6)
  6 adders
  A shadow imp (D:5)
  3 white imps
  An adder skeleton (D:4)
  4 dart slugs
  17 orcs
  10 ball pythons
  5 bats
  5 endoplasms
  3 giant cockroaches
  7 goblins
  5 hobgoblins
  11 jackals
  21 kobolds
  3 quokkas (D:1)
  3 frilled lizards
  7 rats
366 creatures vanquished.

Vanquished Creatures (others)
  2 black mambas (Lair:3)
  4 yaks
  2 wolves (Lair:3)
  32 fungi
  101 plants
141 creatures vanquished.

Grand Total: 507 creatures vanquished

Notes
Turn   | Place    | Note
-------+----------+-------------------------------------------
     0 | D:1      | HAL9000 the Draconian Transmuter began the quest for the
                  | Orb.
     0 | D:1      | Reached XP level 1. HP: 16/16 MP: 3/3
   247 | D:1      | Reached XP level 2. HP: 23/23 MP: 3/5
  1237 | D:2      | Learned a level 2 spell: Wereblood
  1290 | D:2      | Noticed Jessica
  1305 | D:2      | Killed Jessica
  1306 | D:2      | Reached XP level 3. HP: 13/28 MP: 6/6
  1310 | D:2      | Learned a level 3 spell: Spider Form
  1856 | D:2      | Found an ornate altar of the Wu Jian Council.
  1895 | D:2      | Reached XP level 4. HP: 35/35 MP: 7/7
  2088 | D:2      | Noticed Sigmund
  2777 | D:2      | Killed Sigmund
  2778 | D:2      | Reached XP level 5. HP: 24/40 MP: 4/8
  2972 | D:2      | Found a faded altar of an unknown god.
  3208 | D:3      | Found an iron altar of Okawaru.
  3485 | D:3      | Reached XP level 6. HP: 47/47 MP: 7/9
  3820 | D:4      | Noticed Edmund
  4299 | D:4      | Killed Edmund
  4300 | D:4      | Reached skill level 4 in Unarmed Combat
  4632 | D:4      | Identified the +0 leather armour of Eheyciz {rC+}
  4820 | D:5      | Entered Level 5 of the Dungeon
  4902 | D:5      | Reached skill level 5 in Unarmed Combat
  4902 | D:5      | Your scales start taking on a dull iron-grey colour.
  4902 | D:5      | Reached XP level 7. HP: 48/57 MP: 8/10
  5062 | D:5      | Learned a level 4 spell: Ice Form
  5244 | D:5      | Found a staircase to the Ecumenical Temple.
  5313 | Temple   | Entered the Ecumenical Temple
  5500 | Temple   | Became a worshipper of Elyvilon the Healer
  5661 | D:5      | Reached skill level 5 in Fighting
  5853 | D:6      | Reached XP level 8. HP: 69/70 MP: 7/11
  5880 | D:6      | Noticed Grinder
  5888 | D:6      | Noticed Maggie
  5889 | D:6      | Killed Grinder
  6256 | D:6      | Reached * piety under Elyvilon
  6394 | D:6      | Found a snail-covered altar of Cheibriados.
  6627 | D:6      | Killed Maggie
  7022 | D:7      | Reached XP level 9. HP: 73/75 MP: 10/12
  7689 | D:7      | Reached skill level 5 in Dodging
  7852 | D:7      | Reached ** piety under Elyvilon
  9216 | D:8      | Reached skill level 10 in Transmutations
  9311 | D:8      | Noticed a two-headed ogre
  9900 | D:8      | Reached skill level 6 in Unarmed Combat
 10266 | D:8      | Killed a two-headed ogre
 10267 | D:8      | Reached XP level 10. HP: 83/83 MP: 13/13
 10474 | D:9      | Reached *** piety under Elyvilon
 10826 | D:9      | Reached skill level 5 in Invocations
 11303 | D:9      | Noticed a deep elf pyromancer
 11305 | D:9      | Noticed a centaur warrior
 11335 | D:9      | Killed a centaur warrior
 11818 | D:9      | Noticed a deep elf pyromancer
 11827 | D:9      | Killed a deep elf pyromancer
 11871 | D:9      | Noticed a brown ugly thing
 11944 | D:8      | Killed a brown ugly thing
 12037 | D:9      | Noticed a death knight
 12775 | D:9      | Noticed a deep elf pyromancer
 13015 | D:9      | Killed a deep elf pyromancer
 13016 | D:9      | Reached XP level 11. HP: 89/89 MP: 17/17
 13108 | D:9      | Paralysed by a hornet for 1 turns
 13117 | D:9      | Reached skill level 7 in Unarmed Combat
 13135 | D:9      | Pacified a death knight
 13504 | D:10     | Entered Level 10 of the Dungeon
 13956 | D:11     | Noticed Psyche
 13969 | D:11     | Killed Psyche
 14177 | D:11     | Noticed a boulder beetle
 14188 | D:11     | Noticed a boulder beetle
 14451 | D:9      | Found a staircase to the Lair.
 14468 | D:9      | Identified the +2 ring mail of Lolaneast {Int+4 Dex+3}
 14528 | D:9      | Killed a deep elf pyromancer
 14529 | D:9      | Reached skill level 8 in Unarmed Combat
 14842 | D:9      | Noticed a red ugly thing
 14844 | D:9      | Pacified a red ugly thing
 14863 | D:9      | Noticed a seven-headed hydra
 14864 | D:9      | Pacified a seven-headed hydra
 14898 | Lair:1   | Entered Level 1 of the Lair of Beasts
 15656 | Lair:1   | Reached skill level 9 in Unarmed Combat
 16150 | Lair:1   | Reached skill level 10 in Invocations
 16151 | Lair:1   | Reached skill level 10 in Unarmed Combat
 16536 | Lair:1   | Noticed a four-headed hydra
 16605 | Lair:1   | Pacified a four-headed hydra
 16606 | Lair:1   | Reached XP level 12. HP: 82/100 MP: 16/19
 17514 | Lair:2   | Reached **** piety under Elyvilon
 17522 | Lair:2   | Noticed a four-headed hydra
 17531 | Lair:2   | Killed a four-headed hydra
 17532 | Lair:2   | Reached skill level 11 in Unarmed Combat
 18257 | Lair:2   | Noticed a seven-headed hydra
 18260 | Lair:2   | Pacified a seven-headed hydra
 18754 | Lair:3   | Found a hazy altar of Hepliaklqana.
 18795 | Lair:3   | Found a staircase to the Snake Pit.
 19584 | Lair:3   | Reached skill level 12 in Unarmed Combat
 19825 | Lair:3   | Found a shimmering altar of Xom.
 20028 | Lair:3   | Reached ***** piety under Elyvilon
 20218 | Lair:3   | Noticed a six-headed hydra
 20220 | Lair:3   | Noticed a five-headed hydra
 20561 | Lair:3   | Noticed a five-headed hydra
 20562 | Lair:3   | Pacified a five-headed hydra
 20635 | Lair:3   | Noticed a death yak
 20651 | Lair:3   | Reached skill level 13 in Unarmed Combat
 21331 | Lair:3   | Identified the +2 broad axe of Untruth {vorpal, rPois rC-
                  | rCorr}
 21339 | Lair:3   | Got the Collected Works on Orientation and Shape Shifting
 21396 | Lair:3   | Killed a death yak
 21666 | Lair:3   | Killed a five-headed hydra
 21667 | Lair:3   | Reached XP level 13. HP: 82/107 MP: 19/21
 22546 | Lair:4   | Reached skill level 14 in Unarmed Combat
 22954 | Lair:4   | Found a shimmering altar of Xom.
 23094 | Lair:4   | Found a staircase to the Swamp.
 26090 | Lair:6   | Entered Level 6 of the Lair of Beasts
 26681 | Lair:6   | Reached skill level 10 in Fighting
 26736 | Lair:6   | Found a viscous altar of Jiyva.
 26736 | Lair:6   | Found a staircase to the Slime Pits.
 27185 | Lair:6   | Slain by a komodo dragon

Illustrated notes

Levels and vault maps discovered:
D:1:      amcnicky_arrival_abandoned_market, layout_basic
D:2:      layout_basic, hellmonk_ecumenical_altar_prayer_group, basic_altar,
          uniq_sigmund, uniq_jessica
D:3:      layout_basic, okawaru_metal_pillars_1_2
D:4:      layout_cave_pools, minmay_fire_ice_demons, uniq_edmund
D:5:      layout_rooms, minmay_temple_entry_antechambers, grunt_ministairs_1
D:6:      layout_loops_ring, slow_altar_2, corexii_checkpoint_b, uniq_grinder,
          uniq_maggie
D:7:      layout_loops_ring, nicolae_water_bricks, minmay_unpleasant_kobolds
D:8:      layout_loops_ring
D:9:      hangedman_cross_veins, layout_basic, lair_entry_dummy
D:10:     layout_rooms, orc_0_dummy
D:11:     layout_roguey, hellmonk_guarded_unrand_zhor, uniq_snorg, uniq_psyche
Temple:   regret_index_temple_chain_breaker
Lair:1:   layout_long_grid, hibernation_bobbens
Lair:2:   layout_regular_city
Lair:3:   nzn_winding_woodlands_large [nzn_winding_woodlands_5x5_default,
          nzn_winding_woodlands_5x15_cabin, nzn_winding_woodlands_5x5_open_star,
          nzn_winding_woodlands_center_pierced_h,
          nzn_winding_woodlands_15x15_five_gardens,
          nzn_winding_woodlands_center_garden,
          nzn_winding_woodlands_5x5_default,
          nzn_winding_woodlands_5x15_longhouse,
          nzn_winding_woodlands_hourglass], layout_regular_city,
          guppyfry_snake_entry_garden, basic_altar, minivault_11,
          chequers_serial_rivers_small_a, lemuel_oklob_altar
Lair:4:   layout_layer_cave, minmay_swamp_entry_reptiles, basic_altar
Lair:5:   layout_gridlike
Lair:6:   due_jungle_book, layout_gridlike, slime_altar_1,
          minmay_lair_oklob_chamber

Skill      XL: |  1  2  3  4  5  6  7  8  9 10 11 12 13 |
---------------+----------------------------------------+-----
Transmutations | 4 6 8 10 | 10.1
Fighting       | 3 6 7 10 | 10.3
Unarmed Combat | 5 6 10 13 14 | 14.5
Dodging        | 4 6 7 9 |  9.0
Invocations    | 3 9 10 11 | 11.7
Spellcasting   | |  2.0

Action                   |  1- 3 |  4- 6 |  7- 9 | 10-12 | 13-15 || total
-------------------------+-------+-------+-------+-------+-------++-------
Melee: Unarmed           |    91 |   151 |   320 |   662 |   323 ||  1547
       Tailslap          |     8 |     8 |    21 |    79 |    52 ||   168
       Kick              |    11 |    20 |    34 |   165 |   101 ||   331
       Headbutt          |     7 |    11 |    18 |   122 |    56 ||   214
       Punch             |     1 |     3 |     5 |    34 |    26 ||    69
Throw: Dart              |     7 |     7 |    18 |     5 |       ||    37
       Boomerang         |       |       |     1 |       |       ||     1
 Cast: Beastly Appendage |    16 |    32 |    20 |    65 |    43 ||   176
       Spider Form       |       |     2 |    13 |     3 |       ||    18
       Ice Form          |       |       |     2 |     1 |       ||     3
       Wereblood         |       |       |       |    21 |    15 ||    36
Invok: Heal Other        |       |       |       |    14 |     3 ||    17
       Lesser Healing    |       |       |       |     2 |       ||     2
       Greater Healing   |       |       |       |     1 |       ||     1
Evoke: Wand              |       |       |     3 |       |       ||     3
  Use: Scroll            |       |     2 |     6 |     7 |     8 ||    23
       Potion            |       |       |     1 |     1 |       ||     2
 Stab: Sleeping          |       |       |       |     1 |     3 ||     4
Armor: Skin              |    48 |    49 |    85 |   272 |   115 ||   569
Dodge: Dodged            |    73 |    79 |   201 |   445 |   203 ||  1001

Table legend: (Time is in decaauts)
 A = Elapsed time spent in this place.
 B = Non-inter-level travel time spent in this place.
 C = Inter-level travel time spent in this place.
 D = Time resting spent in this place.
 E = Time spent auto-exploring this place.
 F = Levels seen in this place.
 G = Mean time per level.
                   A        B        C        D        E       F      G
               +--------+--------+--------+--------+--------+-----+--------+
         Total |  26958 |  25932 |   1026 |   8912 |  12732 |  18 | 1497.7 |
       Dungeon |  15182 |  14360 |    822 |   4670 |   7143 |  11 | 1380.2 |
        Temple |    199 |    169 |     30 |      0 |    167 |   1 |  199.0 |
          Lair |  11575 |  11401 |    174 |   4242 |   5422 |   6 | 1929.2 |
               +--------+--------+--------+--------+--------+-----+--------+

Top non-repeatable levels by time:
  Lair:3: 3440 daAuts
     D:9: 3073 daAuts
  Lair:4: 2625 daAuts
     D:8: 2463 daAuts
  Lair:5: 1838 daAuts
     D:7: 1750 daAuts
     D:2: 1688 daAuts
  Lair:2: 1616 daAuts
  Lair:1: 1610 daAuts
     D:6: 1482 daAuts
     D:1: 1342 daAuts
     D:3: 893 daAuts
     D:4: 885 daAuts
     D:5: 832 daAuts
    D:11: 741 daAuts
